Description

A build MC used v Solar on ladder. Quick speedept harass into mass phoenix pressure off of 2 gates

VOD

https://www.twitch.tv/bostossmc/v/51671923?t=80m37s

Build Order

Get SALT Encoding   

  14  0:21  Pylon  
  17  1:00  Nexus  
  19  1:18  Gateway  
  20  1:31  Assimilator x2  
  21  1:47  Gateway  
  23  2:05  Cybernetics Core  
  29  2:42  Warp Gate, Adept x2  Use these to scout
  35  2:50  Pylon  
  35  2:55  Mothership Core  
  39  3:11  Adept x2  
  44  3:16  Pylon  
  46  3:26  Pylon  At Natural
  46  3:35  Twilight Council  
  48  3:41  Adept x2  
  52  3:46  Pylon  At Natural
  54  3:58  Gateway x2  Natural Wall
  56  4:11  Resonating Glaives (Chrono Boost)  
  56  4:13  Adept x2  
  62  4:24  Assimilator x2  
  64  4:39  Pylon x2  
  64  4:52  Adept x4  Move out with 10 adepts
  74  5:05  Nexus  3rd
  74  5:15  Stargate x2  
Spawning Tool Build Advisor. Get it on Overwolf

Analysis

Add a robo, mass phoenix when SG finishes.

MC takes gases at his third at 7:30.

Starts transition into Zealot Immo Archon (Templar archives goes down at 8:20) but finishes the game before then.

Go to:

Details

  • Created by: Kanalin
  • Published on: Mar 13, 2016
  • Modified on: Mar 13, 2016
  • Patch: Pre-3.8.0
Show
View Real Time Build Order
Export as new Build Order

Comments (1)

On March 16, 2016, 6:12 p.m., lenichi  said:

Thanks for taking the time to write this down.
Loving MC's reaction when he won against Solar.

Create an account to comment!